 Dungeon Crawl Stone Soup version 0.32-a0-814-g0968bab981 (webtiles) character file.

Game seed: 13303941015714800800

648149 gimp the Archmage (level 27, -3/207 HPs)
             Began as a Barachi Earth Elementalist on Mar 21, 2024.
             Was the Champion of Vehumet.
             Killed from afar by a Hell Sentinel (40 damage)
             ... with damnation
             ... on level 17 of a ziggurat on Mar 22, 2024.
             The game lasted 04:08:30 (71991 turns).

gimp the Archmage (Barachi Earth Elementalist)     Turns: 71991, Time: 04:08:30

Health: -3/207     AC: 20    Str: 16    XL:     27
Magic:  49/54      EV: 28    Int: 28    God:    Vehumet [******]
Gold:   6181       SH: 12    Dex: 19    Spells: 24/80 levels left

rFire   + + .        a - staff of the Seven Seers {rC+ Dex+4 SInv Fire Ice}
rCold   + + .        R - +5 buckler "Fiaros" {rF+ Will+}
rNeg    + + .        F - +3 leather armour "Jak Baq" {rN++}
rPois   +            S - +2 hat {Will+}
rElec   +            f - +2 cloak {rCorr}
rCorr   +            G - +1 pair of gloves of Dishonesty {Str+5}
SInv    +            x - +2 pair of boots {Fly}
Will    +++++        o - amulet of magic regeneration
Stlth   ++           t - ring of Benevolence {rElec rPois Will+ AC+4 Dex+2}
HPRegen 0.54/turn    d - ring "Muech" {rF+ rC+ EV+5}
MPRegen 0.74/turn

%: no passive effects
@: unable to hop, flying, studying 2 skills, slow
A: amphibious, slowness 1, strong legs 2, +LOS, deterioration 1
}: 4/15 runes: barnacled, slimy, silver, gossamer
a: Hop, Renounce Religion


You were on level 17 of a ziggurat.
You worshipped Vehumet.
Vehumet was exalted by your worship.
You visited 11 branches of the dungeon, and saw 51 of its levels.
You visited 1 ziggurat, and saw 17 of its levels.
You also visited: Trove, Ice Cave, Volcano and Desolation.

You collected 12281 gold pieces.
You spent 6100 gold pieces at shops.

Inventory:

Missiles
 y - 12 throwing nets
 J - 23 curare-tipped darts
Armour
 c - the quicksilver dragon scales "Xaumuor" {Fly rF+ Will+}
   (You found it on level 16 of a ziggurat)

   rF+:       It protects you from fire.
   Will+:     It increases your willpower.
   Fly:       It grants you flight.
 f - a +2 cloak of preservation (worn)
 x - a +2 pair of boots of flying (worn)
 F - the +3 leather armour "Jak Baq" (worn) {rN++}
   (You took it off an imperial myrmidon in the Desolation of Salt)

   rN++:      It greatly protects you from negative energy.
 G - the +1 pair of gloves of Dishonesty (worn) {Str+5}
   (You found it on level 11 of a ziggurat)

   Str+5:     It affects your strength (+5).
 Q - the +4 robe "Anesemn" {rF++ rCorr Int+2 Dex-3}
   (You took it off Boris on level 3 of the Depths)

   Int+2:     It affects your intelligence (+2).
   Dex-3:     It affects your dexterity (-3).
   rF++:      It greatly protects you from fire.
   rCorr:     It protects you from acid and corrosion.
 R - the +5 buckler "Fiaros" (worn) {rF+ Will+}
   (You acquired it on level 2 of the Orcish Mines)

   rF+:       It protects you from fire.
   Will+:     It increases your willpower.
 S - a +2 hat of willpower (worn)
Magical Staves
 a - the staff of the Seven Seers (weapon) {rC+ Dex+4 SInv Fire Ice}
   (You found it on level 3 of the Elven Halls)

   [staff of cold]

   Base accuracy: +5 Base damage: 5 Base attack delay: 1.2 This weapon's minimum
   attack delay (0.6) is reached at skill level 12.
   Dex+4:     It affects your dexterity (+4).
   rC+:       It protects you from cold.
   SInv:      It lets you see invisible.
   Fire:      It increases the power of your Fire spells.
   Ice:       It increases the power of your Ice spells.
   It falls into the 'Staves' category.
   It is a one-handed weapon.
 b - the staff of Furoelusk {rElec Dex+3 Air}
   (You found it on level 16 of a ziggurat)

   [staff of air]

   Base accuracy: +5 Base damage: 5 Base attack delay: 1.2 This weapon's minimum
   attack delay (0.6) is reached at skill level 12.
   Dex+3:     It affects your dexterity (+3).
   rElec:     It insulates you from electricity.
   Air:       It increases the power of your Air spells.
   It falls into the 'Staves' category.
   It is a one-handed weapon.
 n - the staff of Spores {rElec rPois rF+ Str+4 Fire}
   (You acquired it on level 3 of the Crypt)

   [staff of fire]

   Base accuracy: +5 Base damage: 5 Base attack delay: 1.2 This weapon's minimum
   attack delay (0.6) is reached at skill level 12.
   Str+4:     It affects your strength (+4).
   rF+:       It protects you from fire.
   rElec:     It insulates you from electricity.
   rPois:     It protects you from poison.
   Fire:      It increases the power of your Fire spells.
   It falls into the 'Staves' category.
   It is a one-handed weapon.
Jewellery
 d - the ring "Muech" (right hand) {rF+ rC+ EV+5}
   (You found it on level 14 of a ziggurat)

   [ring of evasion]

   EV+5:      It affects your evasion (+5).
   rF+:       It protects you from fire.
   rC+:       It protects you from cold.
 o - an amulet of magic regeneration (around neck)
 s - the ring "Birynuim" {rF++ rCorr Int-2 Dex+6 Slay+2}
   (You found it on level 11 of a ziggurat)

   [ring of dexterity]

   Int-2:     It affects your intelligence (-2).
   Dex+6:     It affects your dexterity (+6).
   Slay+2:    It affects your accuracy & damage with ranged weapons and melee
   (+2).
   rF++:      It greatly protects you from fire.
   rCorr:     It protects you from acid and corrosion.
 t - the ring of Benevolence (left hand) {rElec rPois Will+ AC+4 Dex+2}
   (You took it off a naga mage on level 4 of the Vaults)

   [ring of protection]

   AC+4:      It affects your AC (+4).
   Dex+2:     It affects your dexterity (+2).
   rElec:     It insulates you from electricity.
   rPois:     It protects you from poison.
   Will+:     It increases your willpower.
 C - the ring of Rouliggi {Fly rPois rCorr}
   (You found it in a treasure trove)

   [ring of flight]

   rPois:     It protects you from poison.
   Fly:       It grants you flight.
   rCorr:     It protects you from acid and corrosion.
 O - a ring of protection from cold
 W - a ring of positive energy
Wands
 j - a wand of light (35)
 v - a wand of iceblast (56)
 w - a wand of flame (198)
 P - a wand of digging (52)
Scrolls
 i - 15 scrolls of fog
 l - 13 scrolls of enchant armour
 m - 8 scrolls of poison
 q - 32 scrolls of teleportation
 r - a scroll of immolation
 L - 7 scrolls of fear
 M - 3 scrolls of butterflies
 N - 17 scrolls of blinking
 T - 6 scrolls of revelation
 Z - 12 scrolls of amnesia
Potions
 e - 24 potions of heal wounds
 k - 21 potions of curing
 u - 5 potions of resistance
 A - 13 potions of enlightenment
 B - 14 potions of mutation
 D - 7 potions of magic
 E - 17 potions of haste
 K - 12 potions of ambrosia
 U - 9 potions of invisibility
 V - 5 potions of cancellation
 X - 2 potions of brilliance
Miscellaneous
 g - a phial of floods
 h - a lightning rod (4/4)
 p - a box of beasts
 z - a condenser vane
 I - a phantom mirror


   Skills:
 - Level 15.0 Fighting
 + Level 18.6 Dodging
 - Level 1.7 Stealth
 - Level 9.0 Shields
 O Level 27 Spellcasting
 - Level 24.0 Conjurations
 - Level 22.0 Fire Magic
 - Level 22.0 Air Magic
 * Level 15.2 Earth Magic
 - Level 8.0 Alchemy


You had 24 spell levels left.
You knew the following spells:

 Your Spells              Type           Power      Damage    Failure   Level
a - Bombard               Conj/Erth      49%        9d8       1%          6
b - Ignition              Fire           63%        3d17      1%          8
c - Chain Lightning       Conj/Air       52%        3d70      2%          9
d - Fire Storm            Conj/Fire      64%        8d16      2%          9
e - Iskenderun's Mystic   Conj/Tloc      81%        2d16      1%          4
f - Maxwell's Capacitive  Air            51%        ∞         1%          8
g - Fireball              Conj/Fire      64%        3d24      0%          5
i - Irradiate             Conj/Alch      45%        3d26      1%          5
j - Blink                 Tloc           74%        N/A       1%          2

Your spell library contained the following spells:

 Spells                   Type           Power      Damage    Failure   Level
 Shatter                  Erth           44%        3d34*     45%         9
 Foxfire                  Conj/Fire      100%       2x1d9     0%          1
 Kiss of Death            Conj/Necr      100%       2d13      0%          1
 Magic Dart               Conj           100%       1d8       0%          1
 Sandblast                Erth           100%       2d20      0%          1
 Shock                    Conj/Air       100%       1d9       0%          1
 Sting                    Conj/Alch      100%       1d9       0%          1
 Mercury Vapours          Alch/Air       100%       N/A       0%          2
 Momentum Strike          Conj/Tloc      100%       3d10      0%          2
 Static Discharge         Conj/Air       100%       3-8/arc   0%          2
 Dazzling Flash           Conj/Hex       100%       N/A       0%          3
 Hailstorm                Conj/Ice       100%       3d16      0%          3
 Mephitic Cloud           Conj/Alch/Air  95%        N/A       0%          3
 Passwall                 Erth           89%        N/A       0%          3
 Stone Arrow              Conj/Erth      100%       3d13      0%          3
 Swiftness                Air            100%       N/A       0%          3
 Airstrike                Air            51%        2d(8-24)  0%          4
 Brom's Barrelling Bould  Conj/Erth      99%        2d11      0%          4
 Fulminant Prism          Conj/Alch      45%        3d21      0%          4
 Ignite Poison            Fire/Alch      100%       N/A       0%          4
 Sticky Flame             Fire/Alch      100%       2d15      0%          4
 Arcjolt                  Conj/Air       52%        1d62      0%          5
 Iskenderun's Battlesphe  Conj           100%       2d15      0%          5
 Conjure Ball Lightning   Conj/Air       52%        3x3d18    0%          6
 Plasma Beam              Fire/Air       63%        2x1d79    0%          6
 Starburst                Conj/Fire      64%        6d17      0%          6
 Freeze                   Ice            100%       1d10      1%          1
 Necrotise                Necr           100%       1d9       1%          1
 Slow                     Hex            100%       N/A       1%          1
 Summon Small Mammal      Summ           100%       N/A       1%          1
 Call Imp                 Summ           74%        N/A       1%          2
 Cigotuvi's Dreadful Rot  Necr/Alch/Air  100%       N/A       1%          2
 Ensorcelled Hibernation  Hex/Ice        100%       N/A       1%          2
 Jinxbite                 Hex            74%        N/A       1%          2
 Lesser Beckoning         Tloc           74%        N/A       1%          2
 Sublimation of Blood     Necr           37%        N/A       1%          2
 Frozen Ramparts          Ice            100%       1d16      1%          3
 Inner Flame              Hex/Fire       99%        N/A       1%          3
 Volatile Blastmotes      Fire/Tloc      100%       2d18      1%          3
 Animate Armour           Summ/Erth      100%       N/A       1%          4
 Leda's Liquefaction      Alch/Erth      40%        N/A       1%          4
 Olgreb's Toxic Radiance  Alch           70%        N/A       1%          4
 Petrify                  Alch/Erth      80%        N/A       1%          4
 Summon Blazeheart Golem  Fire/Summ      99%        N/A       1%          4
 Summon Lightning Spire   Summ/Air       78%        N/A       1%          4
 Borgnjor's Vile Clutch   Necr/Erth      34%        N/A       1%          5
 Freezing Cloud           Conj/Ice/Air   55%        6-21      1%          5
 Lee's Rapid Deconstruct  Erth           44%        3d21*     1%          5
 Silence                  Hex/Air        39%        N/A       1%          5
 Yara's Violent Unravell  Hex/Alch       28%        3d12      1%          5
 Eringya's Noxious Bog    Alch           35%        4d6       1%          6
 Permafrost Eruption      Ice/Erth       44%        2x4d13    1%          6
 Lehudib's Crystal Spear  Conj/Erth      49%        10d12     1%          8
 Call Canine Familiar     Summ           37%        N/A       3%          3
 Confusing Touch          Hex            37%        N/A       3%          3
 Fugue of the Fallen      Necr           37%        N/A       3%          3
 Gell's Gravitas          Tloc           37%        N/A       3%          3
 Ozocubu's Armour         Ice            54%        N/A       3%          3
 Sigil of Binding         Hex            37%        N/A       3%          3
 Summon Ice Beast         Ice/Summ       54%        N/A       3%          3
 Teleport Other           Tloc           37%        N/A       3%          3
 Tukima's Dance           Hex            37%        N/A       3%          3
 Vampiric Draining        Necr           37%        2d8       3%          3
 Anguish                  Hex/Necr       18%        N/A       11%         4
 Cause Fear               Hex            18%        N/A       11%         4
 Dimensional Bullseye     Hex/Tloc       18%        N/A       11%         4
 Manifold Assault         Tloc           37%        N/A       11%         4
 Martyr's Knell           Necr/Summ      37%        N/A       11%         4
 Passage of Golubria      Tloc           37%        N/A       11%         4
 Curse of Agony           Necr           37%        N/A       28%         5
 Metabolic Englaciation   Hex/Ice        27%        N/A       28%         5
 Summon Forest            Summ/Tloc      18%        N/A       28%         5
 Summon Mana Viper        Hex/Summ       37%        N/A       28%         5
 Sculpt Simulacrum        Ice/Alch       37%        N/A       30%         6
 Death Channel            Necr           18%        N/A       85%         6
 Dispersal                Tloc           18%        N/A       85%         6
 Summon Cactus Giant      Summ           18%        N/A       85%         6
 Ozocubu's Refrigeration  Ice            27%        4d13      88%         7
 Enfeeble                 Hex            18%        N/A       100%        7
 Haunt                    Necr/Summ      18%        N/A       100%        7
 Malign Gateway           Summ/Tloc      18%        N/A       100%        7
 Monstrous Menagerie      Summ           18%        N/A       100%        7
 Summon Hydra             Summ           18%        N/A       100%        7
 Borgnjor's Revivificati  Necr           18%        N/A       100%        8
 Discord                  Hex            18%        N/A       100%        8
 Disjunction              Tloc           18%        N/A       100%        8
 Infestation              Necr           18%        N/A       100%        8
 Summon Horrible Things   Summ           18%        N/A       100%        8
 Death's Door             Necr           18%        N/A       100%        9
 Dragon's Call            Summ           18%        N/A       100%        9


Dungeon Overview and Level Annotations

Branches:
Dungeon (15/15)            Temple (1/1) D:6            Lair (5/5) D:10
 Shoals (4/4) Lair:2       Spider (4/4) Lair:3        Slime (5/5) Lair:4
    Orc (2/2) D:11            Elf (3/3) Orc:2        Vaults (5/5) D:14
  Crypt (3/3) Vaults:3       Tomb (0/3) Crypt:3      Depths (4/4) D:15
    Zot (0/5) Depths:4      IceCv (visited)         Volcano (visited)
Desolation (visited)

Altars:
Ashenzari
Cheibriados
Dithmenos
Elyvilon
Fedhas
Gozag
Hepliaklqana
Kikubaaqudgha
Makhleb
Nemelex Xobeh
Okawaru
Qazlal
Ru
Sif Muna
Trog
Uskayaw
Vehumet
Wu Jian
Xom
Yredelemnul
Zin
The Shining One
Beogh
Lugonu

Shops:
D:2 !   D:14 ?   Orc:1 *   Orc:2 ?:(   Elf:1 :[   Elf:2 (   Elf:3 *=*!=(
Shoals:2 *   Shoals:3 ?=   Vaults:2 (   Vaults:3 ([   Vaults:5 !?
Depths:4 :==

Portals:
Hell: Depths:1 Depths:2 Depths:3 Depths:4
Abyss: Depths:1 Depths:3
Pandemonium: Depths:1 Depths:2

Annotations:
Elf:2 3 runed translucent doors, exclusion: 3 doors
Depths:2 3 runed translucent doors, exclusion: 3 doors, Anno's ghost, adept FeDe


Innate Abilities, Weirdness & Mutations

You are amphibious.
You cover ground slowly.
You can hop long distances.
You have an extended range of vision and can be seen from far away.
Your body sometimes deteriorates upon taking damage.


Message History

You feel your strength returning.
Your Earth Magic skill increases to level 15!
You regained 4 mp, and now have 42/54 mp.
Casting: Fire Storm (dangerous; 2% risk of failure)
Confirm with . or Enter, or press ? or * to list all spells.
Okay, then.
Casting: Fire Storm (dangerous; 2% risk of failure)
Confirm with . or Enter, or press ? or * to list all spells.
You begin accumulating electric charge. (Press . to continue charging.)
You feel charge building up...
You now have 35/54 mp.
You feel charge building up... The Hell Sentinel gestures at you.
The sphere of damnation explodes!
The damnation engulfs your fire vortex!!
The damnation engulfs your fire vortex!!
The damnation engulfs your fire vortex!!!
Your fire vortex dissipates!
The damnation engulfs your fire vortex! The damnation engulfs your fire vortex!
The damnation engulfs your fire vortex!!
Your fire vortex dissipates!
You feel charge building up...
Casting: Maxwell's Capacitive Coupling (mildly dangerous; 1% risk of failure)
Confirm with . or Enter, or press ? or * to list all spells.
Lightning arcs from your hands!
The bolt of lightning hits the Hell Sentinel!!
The Hell Sentinel resists.
The Hell Sentinel is moderately wounded.
The bolt of lightning hits the Hell Sentinel!!
The Hell Sentinel resists.
The Hell Sentinel is heavily wounded.
The bolt of lightning hits the Brimstone Fiend!!
The Brimstone Fiend is almost dead.
The insufficient charge dissipates harmlessly.
The Brimstone Fiend calls on the powers of darkness!
Your body is wracked with pain!
* * * LOW HITPOINT WARNING * * *
You take 35 damage, and have 57/207 hp.
You now have 28/54 mp.
Casting: Chain Lightning (dangerous; 2% risk of failure)
Confirm with . or Enter, or press ? or * to list all spells.
Lightning arcs from your hands!
The bolt of lightning hits the Hell Sentinel!!
The Hell Sentinel resists.
The Hell Sentinel is heavily wounded.
The bolt of lightning hits the Hell Sentinel!
The Hell Sentinel resists.
The Hell Sentinel is severely wounded.
The bolt of lightning hits the balrug!!!
You kill the balrug!
Vehumet accepts your kill.
You feel your power returning.
The bolt of lightning hits the Brimstone Fiend!!!
You kill the Brimstone Fiend!
Vehumet accepts your kill.
You feel your power returning.
The bolt of lightning hits the Ice Fiend!!!
The Ice Fiend is almost dead.
The bolt of lightning hits the reaper!!!
The reaper is almost dead.
The bolt of lightning hits the hell beast!!!!
You kill the hell beast!
Vehumet accepts your kill.
You feel your power returning.
The Hell Sentinel hits your fire vortex!!
Your fire vortex dissipates!
The Ice Fiend calls on the powers of darkness!
Your body is wracked with pain!
* * * LOW HITPOINT WARNING * * *
You feel your intelligence returning.
You take 21 damage, and have 36/207 hp.
You regained 9 mp, and now have 37/54 mp.
Casting: Chain Lightning (dangerous; 2% risk of failure)
Confirm with . or Enter, or press ? or * to list all spells.
Lightning arcs from your hands!
The bolt of lightning hits the Hell Sentinel!!!
The Hell Sentinel resists.
The Hell Sentinel is severely wounded.
The bolt of lightning hits the Hell Sentinel!!!
The Hell Sentinel resists.
The Hell Sentinel is almost dead.
The bolt of lightning hits the reaper!!!
You kill the reaper!
Vehumet accepts your kill.
You feel your power returning.
The bolt of lightning hits the demonspawn black sun!!!!
You kill the demonspawn black sun!
Vehumet accepts your kill.
You feel your power returning.
The bolt of lightning hits the Ice Fiend!!!!
The Ice Fiend is severely wounded.
The bolt of lightning hits the Ice Fiend!!!
You kill the Ice Fiend!
Vehumet accepts your kill.
You feel your power returning. The Hell Sentinel gestures at you.
The sphere of damnation explodes!
The damnation engulfs you!!!
You die...

▓▓▓▓▓▓▓▓▓▓ ▓.........
▓...........▓
▓...........▓
▓▓▓▓▓▓▓▓▓@....v.....▓▓▓▓▓▓
▓..........v...v..........
▓.........v..v..1.........
▓............°..)......./)
▓...........v.1.)).....)1(
▓..........v..1....).1..2?
▓∩..........v........)1)21
▓.....................1./6
▓......................))/


You could see 2 Hell Sentinels, an Ice Fiend and 8 friendly fire vortices.

Vanquished Creatures
  the Royal Jelly (Slime:5)
  A dread lich (Vaults:5)
  3 ancient liches
  2 juggernauts
  Josephina (Depths:2)
  5 royal mummies
  Sojobo (Vaults:1)
  Bai Suzhen (Spider:4)
  Boris (twice) (Depths:3 Vaults:5)
  A shard shrike (Zig:13)
  3 pandemonium lords
  Saint Roka (Crypt:2)
  A caustic shrike (Zig:16)
  2 golden dragons
  A profane servitor (Crypt:3)
  Norris (Depths:3)
  2 bone dragons
  2 hellephants (Zig:16)
  4 Brimstone Fiends
  A shard shrike zombie (Crypt:3)
  A Tzitzimitl (Zig:14)
  Zenata (Vaults:2)
  8 Ice Fiends
  3 tentacled monstrosities
  2 walking earthen tomes
  Mlioglotl (Spider:3)
  Asterion (Spider:4)
  5 liches
  A deep elf master archer (Elf:3)
  6 titans
  22 acid blobs
  3 deep elf blademasters (Elf:3)
  3 sphinxes
  Polyphemus (Shoals:3)
  2 walking frostbound tomes
  8 tengu reavers
  2 ancient champions
  The ghost of Gowugiylom the Warrior, an adept DsCA of Okawaru (Spider:1)
  2 Executioners (Zig:17)
  4 storm dragons
  Donald (Vaults:3)
  Aizul (Vaults:2)
  2 shadow dragons (Vaults:5)
  12 azure jellies
  A revenant (Depths:3)
  A draconian knight (Zig:9)
  8 rockslimes
  2 nagarajas (Zig:9)
  11 fire giants
  5 narguns
  4 demonspawn warmongers
  A draconian shifter (Depths:4)
  7 emperor scorpions
  5 deep elf elementalists
  7 deep elf sorcerers
  22 vault wardens
  3 caustic shrike zombies
  An imperial myrmidon (Desolation)
  4 curse skulls
  A draconian scorcher (Depths:4)
  6 balrugs
  7 ghost moths
  11 ghouls
  8 frost giants
  A cacodemon (Zig:17)
  An angel (Zig:5)
  2 reapers
  3 orc warlords
  A draconian annihilator (Zig:9)
  22 ironbound preservers
  7 quicksilver oozes (Slime:5)
  A spriggan defender (Depths:4)
  9 formless jellyfish
  3 broodmothers
  18 stone giants
  4 ironbound thunderhulks
  3 demonspawn corrupters
  Nessos (D:14)
  A caustic shrike skeleton (Depths:3)
  4 deep elf demonologists
  4 demonspawn blood saints
  21 very ugly things
  8 dire elephants
  A demonspawn black sun (Zig:17)
  A red draconian (Volcano)
  The ghost of Pedyestre the Fighter, a journeyman DsIE of Vehumet (Orc:1)
  A spark wasp (Spider:1)
  7 vampire knights
  2 pale draconians (Depths:4)
  2 yellow draconians (Depths:4)
  4 bennus
  2 black draconians (Depths:4)
  9 deep elf death magi
  4 war gargoyles
  13 deep elf annihilators
  2 white draconians (Depths:4)
  3 wendigos
  10 eidola
  16 ettins
  9 crystal guardians
  6 merfolk javelineers
  3 blizzard demons
  The ghost of adelrune the Fighter, a journeyman DsGl of Ru (Lair:3)
  10 merfolk impalers
  4 mummy priests
  12 deep elf high priests
  5 ragged hierophants (Desolation)
  An entropy weaver (shapeshifter) (Elf:3)
  2 green deaths
  18 yaktaur captains
  9 ice dragons
  10 entropy weavers
  2 hell beasts
  12 jiangshi
  5 fire dragons
  A caustic shrike simulacrum (Depths:1)
  8 great orbs of eyes
  5 rakshasas
  13 peacekeepers
  5 servants of whispers (Desolation)
  5 death knights
  A fenstrider witch zombie (Crypt:3)
  6 hydras
  3 spriggan zombies
  47 vault guards
  The ghost of Myasimauvo the Eclecticist, a journeyman DEHW of Vehumet (D:14)
  A juggernaut simulacrum (Zig:13)
  3 spriggan air magi
  8 ogre magi
  10 ironbound frosthearts
  An alligator snapping turtle (Shoals:4)
  5 catoblepae
  3 ghost crabs (Vaults:4)
  A sphinx zombie (Depths:3)
  2 jorogumos
  2 merfolk avatars
  13 radroaches
  The ghost of Dittersdorf the Blocker, a journeyman GrFi of Gozag (D:10)
  7 boulder beetles
  3 sphinx skeletons
  3 satyrs
  15 two-headed ogres
  14 dancing weapons
  7 merfolk aquamancers
  A death scarab (Zig:15)
  5 orc high priests
  3 centaur warriors
  6 deep troll shamans
  6 tengu warriors
  A thrashing horror (Zig:5)
  6 occultists
  2 hell hogs (Lair:5)
  3 death yaks
  6 demonic crawlers
  8 spriggan berserkers
  A titan zombie (Crypt:3)
  14 deep troll earth magi
  Sonja (D:12)
  4 vampire magi
  A hell knight (Vaults:5)
  A storm dragon zombie (Zig:15)
  20 deep elf knights
  A soul eater (Crypt:1)
  A salamander mystic (Volcano)
  2 shadow wraiths (Crypt:2)
  Lodul (D:12)
  A fire crab (shapeshifter) (Depths:2)
  12 sea snakes
  14 skysharks
  A skyshark (shapeshifter) (Depths:2)
  2 golden dragon zombies
  7 iron trolls
  2 sixfirhies
  32 skeletal warriors
  2 fire crabs (Vaults:4)
  5 pharaoh ants
  3 titan skeletons
  2 spark wasp zombies
  A storm dragon skeleton (Depths:3)
  2 bunyip zombies (Crypt:3)
  8 flayed ghosts
  2 quicksilver dragon simulacra
  An anaconda zombie (Crypt:3)
  2 bog bodies
  4 shadow demons
  11 spriggan simulacra
  A swamp dragon (shapeshifter) (Vaults:5)
  2 tengu zombies
  70 deep trolls
  4 sun moths
  10 orb spiders
  9 arcanists
  3 obsidian statues
  15 deep elf archers
  3 glowing orange brains
  25 phantasmal warriors
  4 lindwurms
  34 harpies
  7 steelbarb worms
  An iron dragon zombie (Depths:3)
  13 orc knights
  6 orange crystal statues
  26 deep elf zephyrmancers
  19 ironbound convokers
  A sphinx simulacrum (Depths:2)
  7 orc sorcerers
  An obsidian bat (Zig:12)
  38 deep elf pyromancers
  2 starcursed masses (Zig:5)
  25 wolf spiders
  Pikel (D:4)
  10 necromancers
  6 cyclopes
  A stone giant zombie (Crypt:3)
  A faun (shapeshifter) (Vaults:3)
  A glowing shapeshifter (Vaults:5)
  A cyclops (shapeshifter) (Vaults:3)
  7 large abominations
  24 fauns
  4 salamanders (Volcano)
  A frost giant zombie (Depths:3)
  15 manticores
  A salamander (shapeshifter) (Depths:4)
  An iron dragon skeleton (Vaults:4)
  A tengu skeleton (Zig:6)
  4 shining eyes
  25 ugly things
  8 moths of wrath
  13 black mambas
  3 fire giant skeletons
  7 meliai
  2 guardian serpents (Desolation)
  A will-o-the-wisp (Vaults:4)
  7 elephants
  22 vault sentinels
  2 frost giant skeletons
  5 naga magi
  2 centaur zombies (D:15)
  4 kobold blastminers
  7 merfolk sirens
  9 water nymphs
  An eleionoma skeleton (Crypt:1)
  A rust devil (Zig:17)
  4 smoke demons
  3 eyes of devastation
  3 ice statues
  A water nymph (shapeshifter) (Depths:4)
  3 orange demons (Zig:14)
  9 cane toads
  An eye of devastation (shapeshifter) (Depths:4)
  10 torpor snails
  5 molten gargoyles
  A titan simulacrum (Depths:1)
  A minotaur zombie (Crypt:1)
  A kobold demonologist (D:10)
  A yaktaur (shapeshifter) (Vaults:5)
  16 komodo dragons
  2 unseen horrors
  38 yaktaurs
  A centaur skeleton (D:15)
  15 freezing wraiths
  13 guardian mummies
  A hellion (Zig:17)
  Psyche (D:8)
  A human zombie (Vaults:4)
  6 tengu conjurers
  4 rime drakes
  An iron troll zombie (Crypt:2)
  6 ice devils (IceCv)
  2 spriggan skeletons (Depths:1)
  2 golden dragon simulacra (Depths:1)
  An anaconda simulacrum (IceCv)
  An ancient zyme (Zig:5)
  2 red devils (Zig:17)
  A tengu simulacrum (Vaults:4)
  8 polar bears
  3 harpy zombies (Crypt:3)
  8 wind drakes
  5 trolls
  A hornet (shapeshifter) (D:15)
  Prince Ribbit (D:5)
  8 glass eyes
  34 merfolk
  15 blink frogs
  2 ettin zombies
  A shadow dragon simulacrum (Depths:2)
  An alligator simulacrum (IceCv)
  9 hornets
  A raiju (shapeshifter) (D:14)
  36 tarantellas
  9 dream sheep
  37 saltlings (Desolation)
  A frost giant simulacrum (Depths:2)
  The ghost of zenocrate the Sneak, an amateur OpEE (D:5)
  A culicivora zombie (Crypt:2)
  A dream sheep (shapeshifter) (Vaults:3)
  A meliai zombie (D:15)
  15 snapping turtles
  Sigmund (D:5)
  91 slime creatures
  26 jumping spiders
  A black mamba zombie (Crypt:2)
  15 culicivoras
  2 ettin skeletons
  34 yaks
  A centaur simulacrum (D:15)
  25 water elementals
  6 wyverns
  10 spriggans
  A spriggan (shapeshifter) (D:13)
  A dire elephant simulacrum (IceCv)
  4 shadows
  7 wraiths
  3 air elementals
  3 ushabtiu (Zig:15)
  A deep troll skeleton (Vaults:4)
  Eustachio (D:5)
  A wyvern (shapeshifter) (Depths:2)
  3 fire elementals
  15 humans (D:14)
  10 basilisks
  A yak (shapeshifter) (Elf:3)
  A neqoxec (Zig:5)
  A black mamba skeleton (Crypt:2)
  6 steam dragons
  3 vampire mosquitoes (D:13)
  10 wargs
  11 golden eyes
  83 redbacks
  3 harpy simulacra (IceCv)
  Menkaure (D:5)
  6 minotaur simulacra (IceCv)
  5 glowing shapeshifter zombies
  A swamp worm (shapeshifter) (Vaults:3)
  15 water moccasins
  A merfolk zombie (Crypt:1)
  Edmund (D:4)
  5 acid dragons
  4 naga zombies (Crypt:3)
  A hydra simulacrum (IceCv)
  A naga skeleton (Crypt:1)
  2 glowing shapeshifter skeletons (Depths:3)
  5 hell hounds
  Duvessa (D:5)
  A demonspawn skeleton (Crypt:2)
  A faun skeleton (Crypt:2)
  An ice beast (D:8)
  31 orc warriors
  A snapping turtle zombie (Crypt:1)
  2 sky beasts (D:6)
  14 laughing skulls
  A swamp dragon zombie (Crypt:3)
  4 black bears
  2 ettin simulacra
  A wolf (shapeshifter) (Elf:2)
  A boggart (Vaults:1)
  43 ogres
  A swamp dragon skeleton (Crypt:1)
  8 centaurs
  12 wolves
  4 lemures (D:3)
  A phantom (D:5)
  An elf zombie (Crypt:1)
  11 bullfrogs
  3 kobold brigands
  3 earth elementals
  4 gnoll sergeants
  7 deep troll simulacra (IceCv)
  2 glowing shapeshifter simulacra (Vaults:4)
  A scorpion (D:4)
  6 wyvern skeletons (Crypt:3)
  Dowan (D:5)
  13 wights (Crypt:3)
  3 lindwurm simulacra (IceCv)
  3 killer bees (Lair:3)
  2 vampire bats (D:15)
  2 electric eels (Lair:2)
  A howler monkey (D:10)
  7 lava snakes
  4 bombardier beetles
  12 orc priests
  4 gnoll boudas
  4 hounds
  A human skeleton (Crypt:1)
  Crazy Yiuf (D:5)
  Ijyb (D:3)
  4 iguanas
  20 orc wizards
  6 hell rats
  21 mummies
  40 gnolls
  5 adders
  2 shadow imps
  A white imp (D:8)
  2 lava snake skeletons (Crypt:2)
  5 ribbon worms
  2 dart slugs (D:1)
  69 orcs
  14 bats
  10 endoplasms
  4 giant cockroaches
  8 goblins
  9 hobgoblins
  4 jackals
  A quokka (D:1)
  3 ball pythons
  A bombardier beetle zombie (Crypt:1)
  4 frilled lizards
  A goblin skeleton (Crypt:1)
  15 kobolds
  4 rats
2738 creatures vanquished.

Vanquished Creatures (collateral kills)
  An alligator snapping turtle (Zig:10)
  A golden dragon skeleton (Zig:15)
  Grum (D:8)
3 creatures vanquished.

Vanquished Creatures (others)
  An ancient lich (Zig:9)
  A harpy (Shoals:3)
  A wolf (D:8)
  36 fire vortices
39 creatures vanquished.

Grand Total: 2780 creatures vanquished

Notes
Turn   | Place    | Note
-------+----------+-------------------------------------------
     0 | D:1      | gimp the Barachi Earth Elementalist began the quest for the
                  | Orb.
     0 | D:1      | Reached XP level 1. HP: 13/13 MP: 3/3
   179 | D:1      | Reached XP level 2. HP: 19/19 MP: 3/5
   830 | D:1      | Reached XP level 3. HP: 24/24 MP: 4/6
  1410 | D:2      | Found a basalt altar of Yredelemnul.
  1469 | D:2      | Learned a level 3 spell: Stone Arrow
  1694 | D:2      | Found Haof's Distillery.
  1699 | D:2      | Bought a potion of curing for 36 gold pieces
  1925 | D:2      | Reached XP level 4. HP: 30/30 MP: 3/8
  2167 | D:3      | Noticed Ijyb
  2379 | D:3      | Reached skill level 3 in Spellcasting
  2511 | D:3      | Killed Ijyb
  2599 | D:3      | Learned a level 4 spell: Olgreb's Toxic Radiance
  3029 | D:3      | Reached XP level 5. HP: 35/35 MP: 7/9
  3130 | D:4      | Noticed Pikel
  3130 | D:4      | Noticed a lemure
  3130 | D:4      | Noticed a lemure
  3130 | D:4      | Noticed a lemure
  3130 | D:4      | Noticed a lemure
  3146 | D:3      | Killed a lemure
  3236 | D:3      | Killed a lemure
  3313 | D:3      | Killed a lemure
  3415 | D:3      | Killed a lemure
  3496 | D:4      | Killed Pikel
  3497 | D:4      | Reached skill level 4 in Spellcasting
  3497 | D:4      | Reached skill level 5 in Conjurations
  3497 | D:4      | Reached XP level 6. HP: 41/41 MP: 2/12
  3497 | D:4      | Reached XP level 7. HP: 46/46 MP: 2/13
  3604 | D:4      | Noticed Edmund
  3795 | D:4      | Killed Edmund
  3881 | D:4      | Reached skill level 5 in Earth Magic
  4324 | D:4      | Reached XP level 8. HP: 52/52 MP: 9/15
  4556 | D:5      | Entered Level 5 of the Dungeon
  4556 | D:5      | Noticed Eustachio
  4560 | D:5      | Killed Eustachio
  4561 | D:5      | Reached skill level 1 in Fighting
  4561 | D:5      | Reached skill level 5 in Spellcasting
  4595 | D:5      | Noticed Duvessa
  4599 | D:5      | Noticed Dowan
  4668 | D:5      | Noticed Sigmund
  4676 | D:5      | Killed Sigmund
  4747 | D:5      | Killed Duvessa
  4748 | D:5      | Reached skill level 6 in Spellcasting
  4776 | D:5      | Killed Dowan
  4836 | D:5      | Found a transporter.
  4844 | D:5      | Noticed Menkaure
  4846 | D:5      | Killed Menkaure
  4847 | D:5      | Reached XP level 9. HP: 33/63 MP: 12/18
  5026 | D:5      | Found an iron altar of Okawaru.
  5106 | D:5      | Noticed zenocrate's ghost (amateur OpEE)
  5130 | D:5      | Noticed Prince Ribbit
  5135 | D:5      | Killed Prince Ribbit
  5136 | D:5      | Reached skill level 7 in Spellcasting
  5165 | D:5      | Identified the +5 great mace of Blood {spect, rPois Str+3
                  | Int+2 Dex-4}
  5167 | D:5      | Found a transporter.
  5528 | D:5      | Found a runed translucent door.
  5529 | D:5      | Noticed Crazy Yiuf
  6134 | D:5      | Killed Crazy Yiuf
  6193 | D:6      | Found a staircase to the Ecumenical Temple.
  6203 | Temple   | Entered the Ecumenical Temple
  6229 | Temple   | Became a worshipper of Vehumet
  6409 | D:6      | Reached skill level 5 in Fighting
  6409 | D:6      | Reached skill level 8 in Spellcasting
  6622 | D:6      | Reached skill level 1 in Alchemy
  6647 | D:6      | Found a shadowy altar of Dithmenos.
  7286 | D:7      | Reached XP level 10. HP: 74/74 MP: 16/22
  7416 | D:7      | Reached skill level 9 in Spellcasting
  8131 | D:7      | Reached * piety under Vehumet
  8131 | D:7      | Offered knowledge of Shock by Vehumet.
  8298 | D:8      | Reached skill level 5 in Alchemy
  8965 | D:8      | Noticed Grum
  8979 | D:8      | Killed Grum
  9116 | D:8      | Noticed Psyche
  9123 | D:8      | Killed Psyche
  9291 | D:8      | Found a glowing silver altar of Zin.
  9493 | D:9      | Found a snail-covered altar of Cheibriados.
  9495 | D:9      | Found a hazy altar of Hepliaklqana.
  9501 | D:9      | Found a basalt altar of Yredelemnul.
  9501 | D:9      | Found an ancient bone altar of Kikubaaqudgha.
  9768 | D:9      | Reached skill level 10 in Spellcasting
  9860 | D:9      | Offered knowledge of Scorch by Vehumet.
  9862 | D:9      | Reached ** piety under Vehumet
 10172 | D:10     | Entered Level 10 of the Dungeon
 10198 | D:10     | Reached skill level 5 in Dodging
 10198 | D:10     | Reached XP level 11. HP: 79/79 MP: 2/25
 10604 | D:10     | Noticed a death yak
 10614 | D:10     | Killed a death yak
 10699 | D:10     | Offered knowledge of Static Discharge by Vehumet.
 10702 | D:10     | Found a staircase to the Lair.
 11075 | D:10     | Found a runed translucent gate.
 11075 | D:10     | Found a runed translucent gate.
 11075 | D:10     | Found a runed translucent gate.
 11079 | D:10     | Noticed Dittersdorf's ghost (journeyman GrFi)
 11105 | D:11     | Noticed a two-headed ogre
 11115 | D:11     | Killed a two-headed ogre
 11116 | D:11     | Reached skill level 11 in Spellcasting
 11158 | D:11     | Noticed a two-headed ogre
 11164 | D:11     | Killed a two-headed ogre
 11195 | D:11     | Reached *** piety under Vehumet
 11293 | D:11     | Found a staircase to the Orcish Mines.
 11603 | D:11     | Offered knowledge of Airstrike by Vehumet.
 11890 | D:11     | Noticed a cyclops
 11897 | D:11     | Killed a cyclops
 12276 | Lair:1   | Entered Level 1 of the Lair of Beasts
 12451 | Lair:1   | Reached XP level 12. HP: 86/86 MP: 21/27
 12475 | Lair:1   | Reached skill level 12 in Spellcasting
 13142 | Lair:1   | Learned a level 6 spell: Bombard
 13169 | Lair:2   | Reached skill level 10 in Conjurations
 13169 | Lair:2   | HP: 3/86 [blink frog (15)]
 13539 | Lair:2   | Noticed a catoblepas
 13542 | Lair:2   | Reached **** piety under Vehumet
 13558 | Lair:2   | Killed a catoblepas
 14069 | Lair:2   | Reached skill level 13 in Spellcasting
 14079 | Lair:2   | Found a staircase to the Shoals.
 14082 | Lair:2   | Offered knowledge of Arcjolt by Vehumet.
 14546 | Lair:2   | Noticed a six-headed hydra
 14552 | Lair:2   | Killed a six-headed hydra
 14655 | Lair:2   | Gained mutation: You can hop long distances. [Barachi
                  | growth]
 14655 | Lair:2   | Reached XP level 13. HP: 91/91 MP: 24/30
 15034 | Lair:3   | Learned a level 3 spell: Mephitic Cloud
 15049 | Lair:3   | Learned a level 5 spell: Arcjolt
 15070 | Lair:3   | Reached skill level 1 in Air Magic
 15091 | Lair:2   | Reached skill level 14 in Spellcasting
 15434 | Lair:3   | Found a large runed translucent door.
 15434 | Lair:3   | Found a large runed translucent door.
 15435 | Lair:3   | Noticed adelrune's ghost (journeyman DsGl)
 15557 | Lair:3   | Found a hole to the Spider Nest.
 15919 | Lair:3   | Identified the +0 robe "Pempupt" {Harm Archmagi}
 16343 | Lair:4   | Reached ***** piety under Vehumet
 16352 | Lair:3   | Offered knowledge of Fireball by Vehumet.
 16360 | Lair:3   | Learned a level 5 spell: Fireball
 16505 | Lair:4   | Found a staircase to the Slime Pits.
 16594 | Lair:4   | Identified a scroll of acquirement
 16594 | Lair:4   | Acquired 1083 gold pieces
 17071 | Lair:4   | Reached skill level 5 in Air Magic
 17606 | Lair:5   | Entered Level 5 of the Lair of Beasts
 17958 | Lair:5   | Reached skill level 10 in Dodging
 18117 | Lair:5   | Reached skill level 15 in Spellcasting
 18264 | Lair:5   | Reached XP level 14. HP: 78/98 MP: 11/33
 18695 | Lair:5   | Found a large runed translucent door.
 18761 | Lair:5   | Found a large runed translucent door.
 18902 | Lair:5   | Offered knowledge of Permafrost Eruption by Vehumet.
 19289 | Orc:1    | Entered Level 1 of the Orcish Mines
 19367 | Orc:2    | Entered Level 2 of the Orcish Mines
 19386 | Orc:1    | Found Lonet's General Store.
 19400 | Orc:1    | Found a transporter.
 19402 | Orc:1    | Bought a scroll of blinking for 90 gold pieces
 19402 | Orc:1    | Bought a potion of curing for 36 gold pieces
 19528 | Orc:1    | Found a dark tunnel.
 19654 | Volcano  | Entered a volcano
 19743 | Volcano  | Noticed a red draconian
 19759 | Volcano  | Killed a red draconian
 20278 | Orc:1    | Found a transporter.
 20281 | Orc:1    | Noticed Pedyestre's ghost (journeyman DsIE)
 20401 | Orc:2    | Found a roughly hewn altar of Beogh.
 20416 | Orc:2    | Found a staircase to the Elven Halls.
 20489 | Orc:2    | Reached skill level 1 in Fire Magic
 20491 | Orc:2    | Reached skill level 1 in Shields
 20696 | Orc:2    | Found Keereem's Book Shop.
 20696 | Orc:2    | Found Huoqum's Book Emporium.
 20696 | Orc:2    | Found Cugi Xifovo's Antique Weapon Emporium.
 20696 | Orc:2    | Found Neuckuyg's Magic Scroll Boutique.
 20721 | Orc:2    | Bought a scroll of acquirement for 676 gold pieces
 20722 | Orc:2    | Acquired the +5 buckler "Fiaros" {rF+ Will+}
 20739 | Orc:2    | Bought a scroll of teleportation for 39 gold pieces
 20739 | Orc:2    | Bought a scroll of fear for 52 gold pieces
 20739 | Orc:2    | Bought a scroll of fog for 52 gold pieces
 20739 | Orc:2    | Bought a scroll of teleportation for 39 gold pieces
 20756 | Orc:2    | Offered knowledge of Starburst by Vehumet.
 20766 | Orc:2    | Reached skill level 5 in Fire Magic
 20774 | Orc:2    | Learned a level 6 spell: Starburst
 21343 | D:12     | Noticed Lodul
 21351 | D:12     | Killed Lodul
 21464 | D:12     | Noticed Sonja
 21470 | D:12     | Killed Sonja
 21769 | D:12     | Reached XP level 15. HP: 103/103 MP: 25/34
 22115 | D:13     | Reached skill level 16 in Spellcasting
 22584 | D:13     | Reached skill level 5 in Shields
 23453 | D:14     | Found Jiodgh's Magic Scroll Boutique.
 23462 | D:14     | Bought a scroll of blinking for 142 gold pieces
 23462 | D:14     | Bought a scroll of fear for 76 gold pieces
 23462 | D:14     | Bought a scroll of fear for 76 gold pieces
 23462 | D:14     | Bought a scroll of teleportation for 57 gold pieces
 23462 | D:14     | Bought a scroll of fog for 76 gold pieces
 23487 | D:14     | Found a runed translucent door.
 23487 | D:14     | Noticed Myasimauvo's ghost (journeyman DEHW)
 23777 | D:14     | Noticed Nessos
 23792 | D:14     | Killed Nessos
 24462 | D:14     | Offered knowledge of Plasma Beam by Vehumet.
 24472 | D:14     | Learned a level 6 spell: Plasma Beam
 24488 | D:14     | Found a gate to the Vaults.
 24694 | D:15     | Entered Level 15 of the Dungeon
 24895 | D:15     | Found a staircase to the Depths.
 25137 | D:15     | Identified the serpent talisman of the Hidden Vale {rN+
                  | Str+8}
 25330 | D:15     | Reached skill level 10 in Fire Magic
 26259 | Orc:2    | Bought a book of Spectacle for 520 gold pieces
 26361 | Shoals:1 | Entered Level 1 of the Shoals
 26671 | Shoals:1 | Reached XP level 16. HP: 104/109 MP: 20/36
 26749 | Shoals:1 | Reached skill level 10 in Air Magic
 28188 | Shoals:2 | Found Degukhov's Assorted Antiques.
 28600 | Shoals:2 | Offered knowledge of Eringya's Noxious Bog by Vehumet.
 28704 | Shoals:2 | Reached skill level 17 in Spellcasting
 28713 | Shoals:1 | Learned a level 5 spell: Irradiate
 28724 | Shoals:1 | Learned a level 8 spell: Ignition
 28988 | Shoals:2 | Bought an embroidered cloak for 262 gold pieces
 29163 | Shoals:3 | Noticed Polyphemus
 29166 | Shoals:3 | Killed Polyphemus
 29274 | Shoals:3 | Found Xycvi's Jewellery Shoppe.
 29603 | Shoals:3 | Reached XP level 17. HP: 104/115 MP: 15/38
 30001 | Shoals:3 | Found Kusiegu's Magic Scroll Emporium.
 30010 | Shoals:3 | Bought 2 scrolls of teleportation for 126 gold pieces
 30010 | Shoals:3 | Bought a scroll of teleportation for 63 gold pieces
 30212 | Shoals:4 | Entered Level 4 of the Shoals
 30308 | Shoals:3 | Learned a level 2 spell: Blink
 30963 | Shoals:4 | Reached skill level 15 in Fire Magic
 31437 | Shoals:4 | Reached ****** piety under Vehumet
 31573 | Shoals:4 | Offered knowledge of Iskenderun's Battlesphere by Vehumet.
 31785 | Shoals:4 | Reached skill level 18 in Spellcasting
 32263 | Shoals:4 | Got a barnacled rune of Zot
 32287 | Shoals:4 | Got Seucis's Grimoire of Congelation
 32552 | Spider:1 | Entered Level 1 of the Spider Nest
 32591 | Spider:1 | Noticed Gowugiylom's ghost (adept DsCA)
 32598 | Spider:1 | Found a runed translucent gate.
 32598 | Spider:1 | Found a runed translucent gate.
 32598 | Spider:1 | Found a runed translucent gate.
 34067 | Spider:2 | Reached XP level 18. HP: 121/121 MP: 29/40
 34080 | Spider:2 | Offered knowledge of Spellforged Servitor by Vehumet.
 34206 | Spider:2 | Found a glacial archway.
 34248 | Spider:2 | Gained mutation: Your body sometimes deteriorates upon
                  | taking damage. [mutagenic glow]
 34441 | IceCv    | Entered an ice cave
 34938 | IceCv    | Noticed an Ice Fiend
 34941 | IceCv    | Killed an Ice Fiend
 35087 | IceCv    | Identified the +3 quarterstaff "Javecol" {vamp, rPois rCorr
                  | Str+4}
 35092 | IceCv    | Identified the staff of Embarrassment {rPois rN+ Ice
                  | Alchemy}
 35954 | Spider:3 | Learned a level 8 spell: Maxwell's Capacitive Coupling
 36078 | Spider:3 | Reached skill level 19 in Spellcasting
 36117 | Spider:3 | Noticed Mlioglotl
 36561 | Spider:3 | Killed Mlioglotl
 36752 | Spider:4 | Entered Level 4 of the Spider Nest
 36755 | Spider:4 | Offered knowledge of Fire Storm by Vehumet.
 36755 | Spider:4 | Offered knowledge of Shatter by Vehumet.
 36755 | Spider:4 | Offered knowledge of Chain Lightning by Vehumet.
 36898 | Spider:4 | Noticed Bai Suzhen
 36907 | Spider:4 | Killed Bai Suzhen
 36916 | Spider:4 | Reached XP level 19. HP: 128/134 MP: 8/42
 37163 | Spider:4 | Noticed Asterion
 37221 | Spider:4 | Killed Asterion
 38238 | Spider:4 | Got a gossamer rune of Zot
 38583 | Vaults:1 | Entered Level 1 of the Vaults
 39424 | Vaults:1 | Reached skill level 10 in Fighting
 39485 | Vaults:1 | Reached skill level 20 in Spellcasting
 40272 | Vaults:1 | Reached XP level 20. HP: 136/149 MP: 44/44
 40339 | Vaults:1 | Got Cargh's Vademecum on Enchanted Algor
 40340 | Vaults:1 | Identified the amulet "Otwiuss" {Acrobat +Inv rPois rCorr}
 40404 | Vaults:2 | Noticed Sojobo
 40520 | Vaults:1 | Killed Sojobo
 40661 | Vaults:2 | Reached skill level 15 in Air Magic
 41044 | Vaults:2 | Noticed Zenata
 41052 | Vaults:2 | Killed Zenata
 41131 | Vaults:2 | Identified the serpent talisman of the Bulwark {Int+3
                  | Stlth+}
 41131 | Vaults:2 | Noticed Aizul
 41136 | Vaults:2 | Killed Aizul
 41334 | Vaults:2 | Found Heyllo Jyk's Antique Weapon Boutique.
 41874 | Vaults:2 | Paralysed by a formless jellyfish for 1 turns
 42201 | Vaults:2 | Identified the +0 ring mail of Henar {*Slow Str-5 Int+6
                  | SInv}
 42487 | Vaults:2 | Paralysed by a formless jellyfish for 1 turns
 42615 | Vaults:3 | Noticed Donald
 42620 | Vaults:3 | Killed Donald
 43060 | Vaults:3 | Found Plog's Antique Armour Emporium.
 43066 | Vaults:3 | Bought a glowing robe for 155 gold pieces
 43109 | Vaults:3 | Reached XP level 21. HP: 159/159 MP: 35/45
 43276 | Vaults:3 | You are sucked into a shaft and drop 1 floor!
 44046 | Vaults:3 | Found a staircase to the Crypt.
 44511 | Vaults:3 | Found Otorempa's Antique Weapon Shoppe.
 44944 | Vaults:4 | Identified the ring of Benevolence {rElec rPois Will+ AC+4
                  | Dex+2}
 45024 | Vaults:4 | Reached skill level 21 in Spellcasting
 45153 | Vaults:4 | Got the Compendium of Burning
 45459 | Vaults:4 | Reached skill level 15 in Conjurations
 46212 | Vaults:4 | Noticed a bone dragon
 46222 | Vaults:4 | Killed a bone dragon
 47224 | Elf:1    | Entered Level 1 of the Elven Halls
 47306 | Elf:1    | Reached XP level 22. HP: 171/171 MP: 37/47
 47534 | Elf:1    | Found a roughly hewn altar of Beogh.
 47542 | Elf:1    | Found a corrupted altar of Lugonu.
 48088 | Elf:1    | Paralysed by an air elemental for 1 turns
 48180 | Elf:1    | Found Eczaixu's Self-Improvement Boutique.
 48189 | Elf:1    | Bought a manual of Spellcasting for 1040 gold pieces
 48320 | Elf:1    | You are sucked into a shaft and drop 1 floor!
 48329 | Elf:2    | Found a runed translucent gate.
 48329 | Elf:2    | Found a runed translucent gate.
 48329 | Elf:2    | Found a runed translucent gate.
 48532 | Elf:2    | Found a crumbling gateway.
 48565 | Desolati | Entered the Desolation of Salt
 48721 | Desolati | Identified the ring of the Turtledove {MP+9 Dex+3 Stlth+}
 48737 | Desolati | Identified the ring "Oziqo" {Wiz ^Contam rElec rPois}
 48740 | Desolati | Identified the +7 lajatang of Inconvenience {pain, *Slow
                  | rPois Str+6}
 48781 | Desolati | Identified the ring of Kiytwif {Fire +Blink rCorr Slay-5}
 48837 | Desolati | Identified the +3 leather armour "Jak Baq" {rN++}
 49074 | Desolati | Identified the +5 quarterstaff of Ashenzari {vamp, ^Contam
                  | rCorr Stlth+}
 49086 | Desolati | Got the Monograph on Doom and Phlogiston
 49134 | Desolati | Got the Catalogue of the Dislocated Quarry
 49387 | Desolati | Got the Directory of Virous Momentum
 49398 | Desolati | Learned a level 9 spell: Chain Lightning
 49412 | Desolati | Identified the +5 shortbow "Ledgh" {drain, rElec Stlth+}
 49716 | Elf:2    | Found Jeig's Weapon Shoppe.
 50034 | Elf:2    | Reached skill level 22 in Spellcasting
 50552 | Elf:1    | Found Pot Otio's Armour Boutique.
 50637 | Elf:3    | Entered Level 3 of the Elven Halls
 50637 | Elf:3    | Found Toil's Antique Weapon Boutique.
 50715 | Elf:3    | Reached skill level 15 in Fighting
 51064 | Elf:3    | Found a portal to a secret trove of treasure.
 51231 | Elf:3    | Reached XP level 23. HP: 101/181 MP: 15/49
 51446 | Trove    | Entered a treasure trove
 51451 | Trove    | Found the +9 sword of Zonguldrok {reap}
 51463 | Trove    | Identified the ring of Rouliggi {Fly rPois rCorr}
 51469 | Trove    | Identified the amulet "Attiv" {Acrobat Will++ Str+2 Int+3}
 51473 | Trove    | Identified the +2 dagger of Devotion {flame, *Rage Int+8}
 51487 | Trove    | Identified the +8 dire flail of Cythyun {drain, Will++
                  | Str+4}
 51599 | Elf:3    | Identified the +0 morningstar of the Heavens {elec, rC-
                  | MP+9 Int+4 Dex+3}
 51767 | Elf:3    | Identified the +3 leather armour of Miracles {rElec}
 51821 | Elf:3    | Identified the +8 plate armour of Ehesuez {rElec}
 51998 | Elf:3    | Identified the +8 hand axe of Scuffed Tortfeasance
                  | {distort, Str+2 Dex+4}
 52344 | Elf:3    | Identified the staff "Ifylas" {rPois Conj Alchemy}
 52380 | Elf:3    | Identified the staff of the Seven Seers {rC+ Dex+4 SInv
                  | Fire Ice}
 52539 | Elf:3    | Found Foref's Mayhem Merchandise.
 52695 | Elf:3    | Identified the ring "Iwiggur" {rF+ Will- rCorr Int+6}
 52696 | Elf:3    | Found Wiwkeroi's Jewellery Boutique.
 52696 | Elf:3    | Found Sohel's Jewellery Shop.
 52698 | Elf:3    | Found Xelid's Distillery.
 52792 | Elf:3    | Found Ydwoin Giu's Assorted Antiques.
 52803 | Elf:3    | Bought a scroll of teleportation for 93 gold pieces
 52846 | Elf:3    | Bought a potion of haste for 150 gold pieces
 52846 | Elf:3    | Bought a potion of curing for 45 gold pieces
 52846 | Elf:3    | Bought 2 potions of haste for 300 gold pieces
 52846 | Elf:3    | Bought a potion of haste for 150 gold pieces
 52846 | Elf:3    | Bought 2 potions of haste for 300 gold pieces
 52846 | Elf:3    | Bought a potion of heal wounds for 75 gold pieces
 52846 | Elf:3    | Bought a potion of heal wounds for 75 gold pieces
 52846 | Elf:3    | Bought a potion of curing for 45 gold pieces
 52846 | Elf:3    | Bought a potion of mutation for 120 gold pieces
 52846 | Elf:3    | Bought a potion of mutation for 120 gold pieces
 53255 | Depths:1 | Entered Level 1 of the Depths
 53255 | Depths:1 | Found a one-way gate to the infinite horrors of the Abyss.
 53258 | Depths:1 | Reached skill level 23 in Spellcasting
 53675 | Depths:1 | Found a gateway to Hell.
 54118 | Depths:1 | Found a one-way gate leading to the halls of Pandemonium.
 54131 | Depths:1 | Found a one-way gateway to a ziggurat.
 54258 | Depths:1 | Found a shimmering blue altar of Sif Muna.
 54933 | Depths:2 | Identified the ring of Altruism {Ice Str+4 Stlth+}
 54933 | Depths:2 | Noticed Josephina
 54937 | Depths:2 | Killed Josephina
 55064 | Depths:2 | Reached XP level 24. HP: 187/188 MP: 7/50
 55123 | Depths:2 | Noticed a juggernaut
 55135 | Depths:2 | Killed a juggernaut
 55292 | Depths:2 | Identified the +6 hand axe of Kiapyor {heavy, ^Contam rElec
                  | Dex+6}
 55300 | Depths:2 | Reached skill level 24 in Spellcasting
 55303 | Depths:2 | Found a broken altar of Ashenzari.
 55509 | Depths:2 | Identified the +1 glaive "Tamaiple" {venom, rPois rC+ rN++
                  | Str-5}
 55512 | Depths:2 | Identified the +3 scale mail "Godonyacsu" {rC+ Will+ Str+3
                  | Stlth-}
 55991 | Depths:2 | Noticed Anno's ghost (adept FeDe)
 55992 | Depths:2 | Found a runed translucent gate.
 55992 | Depths:2 | Found a runed translucent gate.
 55993 | Depths:2 | Found a runed translucent gate.
 56695 | Depths:3 | Identified the +4 robe "Anesemn" {rF++ rCorr Int+2 Dex-3}
 56695 | Depths:3 | Noticed Boris
 56710 | Depths:3 | Killed Boris
 56938 | Depths:3 | Noticed Norris
 57324 | Depths:3 | Identified the +1 scale mail "Ususm" {rN+}
 57641 | Depths:3 | Killed Norris
 57642 | Depths:3 | Reached skill level 25 in Spellcasting
 58407 | Depths:4 | Entered Level 4 of the Depths
 58407 | Depths:4 | Noticed a juggernaut
 58411 | Depths:4 | Killed a juggernaut
 58958 | Depths:4 | Reached XP level 25. HP: 180/194 MP: 46/52
 59319 | Depths:4 | Found a gate to the Realm of Zot.
 59417 | Depths:4 | Found Viatwor's Jewellery Emporium.
 59419 | Depths:4 | Found Sim Ximeerph's Book Shop.
 59420 | Depths:4 | Found Xearof's Jewellery Emporium.
 59895 | D:5      | Killed zenocrate's ghost
 60114 | D:10     | Killed Dittersdorf's ghost
 60280 | D:14     | Killed Myasimauvo's ghost
 60284 | D:14     | Identified the +5 hand axe of Juvinywu {vamp, +Blink rN+++
                  | Int-3}
 60488 | Lair:3   | Killed adelrune's ghost
 60862 | Spider:1 | Killed Gowugiylom's ghost
 60938 | Spider:1 | Identified the +2 halberd of Zayskeal {drain, rPois Str+2
                  | Int-2 Dex+9}
 61103 | Orc:1    | Killed Pedyestre's ghost
 61105 | Orc:1    | Identified the amulet "Morhok" {Acrobat rF+ Int+2}
 61172 | Orc:1    | Learned a level 9 spell: Fire Storm
 61210 | Orc:2    | Bought a scroll of amnesia for 52 gold pieces
 61210 | Orc:2    | Bought a scroll of amnesia for 52 gold pieces
 61299 | D:14     | Bought a scroll of enchant armour for 142 gold pieces
 61471 | Slime:1  | Entered Level 1 of the Pits of Slime
 61949 | Slime:5  | Entered Level 5 of the Pits of Slime
 62151 | Slime:5  | Noticed the Royal Jelly
 62155 | Slime:5  | Killed the Royal Jelly
 62364 | Slime:5  | Got a slimy rune of Zot
 62384 | Slime:5  | Got the Parchment of Angular Maleficia
 62776 | Crypt:1  | Entered Level 1 of the Crypt
 63749 | Crypt:1  | Identified the +10 trident "Foubroopa" {protect, Will+
                  | MP+9}
 63856 | Crypt:2  | Noticed Saint Roka
 64121 | Crypt:2  | Killed Saint Roka
 64237 | Crypt:1  | Reached XP level 26. HP: 151/201 MP: 6/52
 65008 | Crypt:3  | Entered Level 3 of the Crypt
 65840 | Crypt:3  | Found a basalt altar of Yredelemnul.
 66041 | Crypt:3  | Identified the +6 bardiche of Tenacity {elec, rPois rC+ rN+
                  | Int-2}
 66095 | Crypt:3  | Identified the staff "Zipif" {rPois rC+ rN+ Will- Necro}
 66098 | Crypt:3  | Got Sif Muna's Secrets of Bodies
 66390 | Crypt:3  | Noticed a royal mummy
 66399 | Crypt:3  | Killed a royal mummy
 66606 | Crypt:3  | Found a staircase to the Tomb.
 67237 | Crypt:3  | Found the ring of the Octopus King
 67245 | Crypt:3  | Identified a ring of the Octopus King {HP+2 MP+9 AC+2 EV+2
                  | SH+2}
 67250 | Crypt:3  | Identified the ring of Awe {rElec rPois Will- Int+4}
 67394 | Crypt:3  | Acquired the staff of Spores {rElec rPois rF+ Str+4 Fire}
 67410 | Crypt:3  | Upgraded the game from 0.32-a0-799-g95e1662365 to
                  | 0.32-a0-814-g0968bab981
 67613 | Vaults:5 | Entered Level 5 of the Vaults
 67614 | Vaults:5 | Noticed an ancient lich
 67620 | Vaults:5 | Killed an ancient lich
 67814 | Vaults:5 | Identified the +2 robe "Ecet" {rC+ SInv}
 67814 | Vaults:5 | Noticed Boris
 67824 | Vaults:5 | Killed Boris
 67827 | Vaults:5 | Reached skill level 15 in Dodging
 68072 | Vaults:5 | Reached skill level 26 in Spellcasting
 68072 | Vaults:5 | Reached XP level 27. HP: 186/207 MP: 53/53
 68100 | Vaults:5 | Noticed a dread lich
 68105 | Vaults:5 | Killed a dread lich
 68387 | Vaults:5 | Got the Incunable of Adjuration
 68624 | Vaults:5 | Identified the +4 halberd of Sunlight {flame, Str+2 Dex+3}
 68652 | Vaults:5 | Identified the +4 rapier "Loigok" {flame, Int+4}
 68725 | Vaults:5 | Got Ydagigaunt's Handbook of Transposed Enchantment
 68726 | Vaults:5 | Identified the +3 rapier of Tenacity {freeze, Fly Will-
                  | Int+8 Dex-4}
 69019 | Vaults:5 | Found Umesmaem's Distillery.
 69024 | Vaults:5 | Bought a potion of curing for 57 gold pieces
 69024 | Vaults:5 | Bought a potion of heal wounds for 95 gold pieces
 69024 | Vaults:5 | Bought a potion of ambrosia for 152 gold pieces
 69024 | Vaults:5 | Bought a potion of ambrosia for 152 gold pieces
 69024 | Vaults:5 | Bought a potion of invisibility for 152 gold pieces
 69126 | Vaults:5 | Found Ruannib's Magic Scroll Shoppe.
 69137 | Vaults:5 | Bought a scroll of fear for 40 gold pieces
 69137 | Vaults:5 | Bought 3 scrolls of amnesia for 120 gold pieces
 69191 | Vaults:5 | Got a silver rune of Zot
 69707 | Zig:1    | Entered Level 1 of a ziggurat
 69707 | Zig:1    | Noticed Ciontek the pandemonium lord
 69712 | Zig:1    | Killed Ciontek the pandemonium lord
 69763 | Zig:2    | Entered Level 2 of a ziggurat
 69798 | Zig:3    | Entered Level 3 of a ziggurat
 69829 | Zig:4    | Entered Level 4 of a ziggurat
 69880 | Zig:5    | Entered Level 5 of a ziggurat
 69934 | Zig:6    | Entered Level 6 of a ziggurat
 70071 | Zig:7    | Entered Level 7 of a ziggurat
 70112 | Zig:7    | Got the Atlas of Translocation and the Gathering
 70122 | Zig:8    | Entered Level 8 of a ziggurat
 70129 | Zig:8    | Noticed an ancient lich
 70129 | Zig:8    | Noticed an ancient lich
 70133 | Zig:8    | Killed an ancient lich
 70134 | Zig:8    | Killed an ancient lich
 70252 | Zig:8    | Acquired 605 gold pieces
 70255 | Zig:8    | Identified the ring "Fuarik" {+Blink rPois AC+4 Int-2
                  | Dex+8}
 70261 | Zig:8    | Identified the +6 dagger of Doubt {drain, rC- Str+5}
 70278 | Zig:8    | Learned a level 4 spell: Iskenderun's Mystic Blast
 70280 | Zig:9    | Entered Level 9 of a ziggurat
 70285 | Zig:9    | Noticed an ancient lich
 70289 | Zig:9    | Killed an ancient lich
 70325 | Zig:9    | Identified the staff "Gyng" {rPois rN+ Will- Fire Alchemy}
 70354 | Zig:10   | Entered Level 10 of a ziggurat
 70427 | Zig:10   | Identified the ring "Cuwis" {Will+ rCorr Int-2 Dex+2}
 70431 | Zig:10   | Identified the +0 cloak of the Game of Life {rElec rN+
                  | Will- Str+3}
 70433 | Zig:10   | Identified the +0 spear of Miqocov {flame, rPois rC+}
 70434 | Zig:10   | Identified the +2 leather armour of Baldness {Fly Str+4
                  | Dex+3}
 70435 | Zig:10   | Identified the amulet "Ygrihox" {Spirit rElec Dex+4}
 70444 | Zig:10   | Identified the +0 plate armour of Agypeshra {+Blink rElec
                  | rPois Will-}
 70449 | Zig:11   | Entered Level 11 of a ziggurat
 70556 | Zig:11   | Identified the +7 short sword of Jyomp {freeze, rPois Str+3
                  | Dex+2}
 70563 | Zig:11   | Identified the +1 pair of gloves of Dishonesty {Str+5}
 70576 | Zig:11   | Identified the +2 leather armour "Jutaip" {Rampage +Inv
                  | rElec rCorr}
 70579 | Zig:11   | Identified the ring "Birynuim" {rF++ rCorr Int-2 Dex+6
                  | Slay+2}
 70605 | Zig:12   | Entered Level 12 of a ziggurat
 70615 | Zig:12   | Reached skill level 10 in Earth Magic
 70664 | Zig:12   | Identified the ring "Iclairacs" {rPois Slay+6}
 70689 | Zig:13   | Entered Level 13 of a ziggurat
 70699 | Zig:13   | Reached skill level 27 in Spellcasting
 71031 | Zig:13   | Identified the +2 spear of Xyguell {freeze, ^Fragile +Blink
                  | rF+ Dex+2}
 71036 | Zig:13   | Identified the amulet "Deor Guesk" {rElec rC- Regen+ MP+9
                  | Str+4}
 71042 | Zig:13   | Identified the ring of Kugiygab {*Slow rF+++ rCorr MP+9
                  | AC+4}
 71046 | Zig:13   | Got Ifualaf's Catalogue of Excruciating Translocation
 71051 | Zig:13   | Identified the +6 war axe "Sooniryr" {freeze, rElec Int+2}
 71055 | Zig:13   | Identified the ring of the Three Growing Eyes {rPois EV+5}
 71083 | Zig:14   | Entered Level 14 of a ziggurat
 71095 | Zig:14   | Noticed Liaton the pandemonium lord
 71098 | Zig:14   | Killed Liaton the pandemonium lord
 71390 | Zig:14   | Got the Secrets of Breccia and Mischance
 71391 | Zig:14   | Identified the +1 fire dragon scales of the End {rElec rF++
                  | rC- Str-2 Dex+3}
 71394 | Zig:14   | Got Sif Muna's Elucidation of the Great Work
 71397 | Zig:14   | Identified the ring "Muech" {rF+ rC+ EV+5}
 71406 | Zig:14   | Identified the ring of Equivalence {rF+ Str-5 Int+5 Dex+6
                  | SInv}
 71415 | Zig:15   | Entered Level 15 of a ziggurat
 71431 | Zig:15   | Noticed a royal mummy
 71432 | Zig:15   | Noticed a royal mummy
 71434 | Zig:15   | Noticed a royal mummy
 71435 | Zig:15   | Killed a royal mummy
 71435 | Zig:15   | Killed a royal mummy
 71442 | Zig:15   | Killed a royal mummy
 71446 | Zig:15   | Noticed a royal mummy
 71452 | Zig:15   | Killed a royal mummy
 71772 | Zig:15   | Identified the ring of Jaehypp {*Slow rN+ Dex+7}
 71775 | Zig:15   | Identified the +3 rapier of Dishonesty {speed, *Noise rPois
                  | rF+ rCorr}
 71776 | Zig:15   | Identified the +4 dagger of Descent {freeze, rF+ rC++
                  | Str+2}
 71777 | Zig:15   | Identified the ring "Oto Bieg" {rF+ Int+2 SInv}
 71780 | Zig:15   | Identified the +4 longbow "Satsemo" {drain, ^Fragile rC+
                  | Int+4 Dex+6}
 71791 | Zig:15   | Identified the +3 ice dragon scales of the Past {rPois rF-
                  | rC++ Dex+3}
 71794 | Zig:15   | Identified the +0 trident "Baupyd" {antimagic, Str+3 Int-3
                  | Stlth+}
 71829 | Zig:16   | Entered Level 16 of a ziggurat
 71891 | Zig:16   | Identified the +6 sling "Paarchu" {elec, rElec}
 71897 | Zig:16   | Identified the staff of Furoelusk {rElec Dex+3 Air}
 71900 | Zig:16   | Identified the +7 arbalest of Parts Unknown {freeze, rPois
                  | Int+3 SInv}
 71901 | Zig:16   | Identified the ring of Dunaople {Fire rPois Int-5 Dex+5
                  | Stlth+}
 71902 | Zig:16   | Identified the +8 war axe of Okawaru's Wrath {heavy, rElec
                  | rN+ Will+ Dex-2}
 71906 | Zig:16   | Identified the +1 leather armour of a bazaar {Rampage Will+
                  | Str-3 Slay+5}
 71909 | Zig:16   | Identified the quicksilver dragon scales "Xaumuor" {Fly rF+
                  | Will+}
 71918 | Zig:16   | Identified the +3 hand axe of Flawed Execution {venom, rN+
                  | rCorr Int+2}
 71962 | Zig:17   | Entered Level 17 of a ziggurat
 71978 | Zig:17   | Noticed Baxil the pandemonium lord
 71985 | Zig:17   | Killed Baxil the pandemonium lord
 71986 | Zig:17   | Reached skill level 15 in Earth Magic
 71991 | Zig:17   | Killed from afar by a Hell Sentinel

Illustrated notes

Levels and vault maps discovered:
D:1:      minmay_arrival_doors, layout_loops_corners
D:2:      kennysheep_big_flooded_room, layout_loops_cross, serial_shops,
          nicolae_shop_pleasant_corner_grove, basic_altar,
          minmay_indecisive_spiral
D:3:      layout_rooms, lightli_corner_chamber, uniq_ijyb
D:4:      layout_rooms, uniq_pikel, uniq_edmund
D:5:      layout_basic, okawaru_ov_weapons_minmay, gammafunk_ghost_smash,
          uniq_crazy_yiuf_cottage, uniq_prince_ribbit1, uniq_eustachio,
          uniq_sigmund, uniq_menkaure, uniq_duvessa
D:6:      layout_loops_ring, grunt_dithmenos_smoke,
          minmay_temple_entry_gardened_gates
D:7:      minmay_bubble_buster, layout_basic, chequers_decorated_corner
D:8:      layout_cave_pods, mainiacjoe_overflow_alcove_2,
          grunt_decor_mini_mirrors, uniq_psyche, uniq_grum
D:9:      layout_long_grid, grunt_temple_overflow_open
D:10:     layout_layer_cave, david_lair_generic, ebering_ghost_rock_garden,
          hangedman_decor_peaks_small, dk_noncrumbling_4
D:11:     layout_gridville, orc_0_dummy
D:12:     layout_roguey, bh_walls_and_bars, uniq_lodul, uniq_sonja
D:13:     layout_basic
D:14:     layout_loops_corners, grunt_vaults_entry_tiered, serial_shops, shop,
          serial_library_hellmonk_secret_room, gammafunk_ghost_grave,
          uniq_nessos
D:15:     grunt_enter_depths_magical_seal, layout_stronghold, roderic_batcave
Temple:   regret_index_temple_waves
Lair:1:   wad_woods_tower, layout_big_grid
Lair:2:   layout_chaotic_city, minmay_shoals_entry_lonely_mermaid,
          pdpol_lair_cavern_descent, grunt_megastairs_2,
          infiniplex_staircase_pool
Lair:3:   layout_regular_city, hellmonk_spider_entry_not_the_bees,
          ebering_ghost_disaster_area, cheibrodos_lair_lostbears
Lair:4:   hellmonk_destroyed_diamonds, layout_regular_city, slime_entry_1,
          chequers_serial_rivers_large_a
Lair:5:   cheibrodos_lair_end_hotspot, layout_gridlike
Shoals:1: layout_shoals, nicolae_tricolors
Shoals:2: layout_shoals, serial_shops, shop, nicolae_shoals_arrival_archipelago
Shoals:3: layout_shoals, serial_shops, nicolae_shop_waterfront,
          nicolae_shop_tiny_statue_garden, uniq_polyphemus
Shoals:4: shoals_end_grunt_garden, layout_shoals, nicolae_shoals_mertower
Spider:1: layout_chambers, gammafunk_ghost_split, nicolae_spider_moth_buddies
Spider:2: layout_spider_delve, portal_ice_cave_entry_ugly_swarm, drop_trap,
          nicolae_spider_solar_radiation
Spider:3: layout_spider_delve, uniq_mlioglotl
Spider:4: grunt_spider_rune_circles, hangedman_spider_tarantella_strand,
          uniq_bai_suzhen, uniq_asterion
Slime:1:  layout_caves, nicolae_slime_phagocytosis
Slime:2:  layout_caves, nicolae_slime_round_cave
Slime:3:  layout_caves
Slime:4:  layout_caves
Slime:5:  slime_pit_nicolae_amoeboid
Orc:1:    layout_caves, serial_shops, shop, enter_volcano_3,
          gammafunk_ghost_berserking_beasts, blackcustard_rock_pile
Orc:2:    st_orc_ogre_mass, layout_caves, basic_altar
Elf:1:    minmay_elf_arrival_plus, layout_gridlike, serial_shops,
          nicolae_shop_tiny_real_fake_doors, nicolae_elf_theology_debate,
          nicolae_shop_self_help
Elf:2:    elven_hall_of_blades_hangedman_original [nicolae_blade_bullseye],
          layout_onion_city, serial_shops, nicolae_shop_bloodbath_and_beyond,
          portal_desolation_entry_twin_temple, drop_trap
Elf:3:    minmay_elf_hall_hex, layout_gridlike, enter_trove_5, serial_shops,
          shop, minmay_shop_mayhem, minmay_checkered_concentric_circles,
          minmay_shoptagon
Vaults:1: nicolae_vaults_trapezoid_layered, nicolae_vaults_bisected_inception,
          hangedman_vaults_cutoff, grunt_vaults_hallway_short, vaults_mumra_hex,
          hangedman_vaults_slither, vaults_mumra_chevron_long,
          nicolae_vaults_doubleplus_tesselated, dpeg_vaults_hating_casters,
          nicolae_vaults_trapezoid_2, nicolae_vaults_double_plus_2,
          nicolae_vaults_two_Ls, vaults_room_grunt_arrival_ludios,
          vaults_room_stairs_pillars, vaults_dpeg_emergency_exit,
          layout_vaults_big_cross
Vaults:2: v_misc_29, hangedman_vaults_cutoff, nicolae_vaults_big_ls, v_misc_12,
          special_room_vaults [special_room_orc], nicolae_vaults_puzzle_piece,
          nicolae_vaults_tangram_2, nicolae_vaults_specimen_jars,
          vaults_room_pool, v_alt_pattern_3, layout_vaults_big_room,
          serial_shops, shop, uniq_zenata, uniq_sojobo, uniq_aizul
Vaults:3: nicolae_vaults_loss_of_containment, ontoclasm_vaults_claustrophobia,
          grunt_vaults_focal, nicolae_vaults_big_angled_halls, v_misc_3,
          minmay_crypt_entry_simple_statues, ontoclasm_vaults_chip,
          hangedman_vaults_variations, nicolae_vaults_octothorpe,
          vaults_room_semicircle, hangedman_vaults_impose, vaults_dpeg_hooks,
          v_misc_33, layout_vaults_ring, serial_shops, shop,
          nicolae_shop_overgrown_old_shop, uniq_donald
Vaults:4: nicolae_vaults_network_periphery, nicolae_vaults_little_ls,
          nicolae_vaults_swerve, nicolae_vaults_house_2, hangedman_vaults_nails,
          st_octagons_2, ontoclasm_vaults_spin,
          nicolae_vaults_stairing_the_circle, v_rooms_5, hangedman_vaults_locks,
          nicolae_vaults_offset_grid_hallway_1, layout_vaults_maze,
          serial_magic_research, hangedman_research_pyrotechnics,
          hangedman_research_thanatology
Vaults:5
Crypt:1:  layout_chaotic_city, grunt_megastairs_4
Crypt:2:  layout_chaotic_city, uniq_saint_roka
Crypt:3:  evilmike_haunted_forest
Depths:1: dreamdust_isle_of_ice, layout_gridville, enter_ziggurat_b,
          serial_co_window_serial, co_window_paths_a, co_window_paths_a,
          co_window_corner_a, co_window_paths_a, co_window_of_opportunity_a,
          co_window_of_opportunity_c, co_window_2corner, co_window_2corner,
          co_window_4corner_a, abyss_entry_glasseish, pan_entry, hell_entry,
          serial_bayou_pond_b, corexii_hall_statues_x,
          serial_library_hellmonk_narrow_alcove, serial_bayou_shore_b
Depths:2: minmay_the_grid_square_5x5_3x3 [minmay_the_grid_square_5x5_shrine1,
          minmay_the_grid_square_5x5_three_walls,
          minmay_the_grid_square_5x5_n_small,
          minmay_the_grid_square_5x5_dogpile,
          minmay_the_grid_square_5x5_megaprize_crossed,
          minmay_the_grid_square_5x5_plus,
          minmay_the_grid_square_5x5_hollow_slash,
          minmay_the_grid_square_5x5_broken_cross,
          minmay_the_grid_square_5x5_tri_point], layout_gridlike,
          serial_sigils_hangedman_gut, hell_entry, grunt_pan_entry_sceptre,
          biasface_ghost_demon_polymorph, uniq_josephina
Depths:3: hangedman_screamer, layout_honeycomb,
          regret_index_abyss_entry_earlier_magic, hangedman_coc_ice_floe,
          minivault_16, uniq_norris, uniq_boris
Depths:4: evilmike_zot_entry_gauntlet, layout_cave_shapes,
          hangedman_decor_opposing, hangedman_geh_valley, grunt_megastairs_5,
          minmay_shop_grove, uniq_grunn
Zig:17

Skill      XL: |  1  2  3  4  5  6  7  8  9 10 11 12 13 14 15 16 17 18 19 20 21 22 23 24 25 26 27 |
---------------+----------------------------------------------------------------------------------+-----
Conjurations   | 2 3 5 6 7 8 9 11 12 13 14 15 16 17 19 21 22 24 | 24.0
Spellcasting   | 3 4 6 8 10 11 13 15 16 17 18 19 20 21 22 23 25 26 27 | 27.0
Earth Magic    | 4 5 6 7 15 | 15.2
Fighting       | 3 5 7 10 12 13 15 | 15.0
Alchemy        | 3 6 8 |  8.0
Dodging        | 3 5 7 9 10 11 13 15 18 | 18.6
Air Magic      | 6 8 9 11 12 14 16 18 20 22 | 22.0
Fire Magic     | 6 10 13 16 18 19 21 22 | 22.0
Shields        | 4 7 9 |  9.0
Stealth        | |  1.7

Action                     |  1- 3 |  4- 6 |  7- 9 | 10-12 | 13-15 | 16-18 | 19-21 | 22-24 | 25-27 || total
---------------------------+-------+-------+-------+-------+-------+-------+-------+-------+-------++-------
  Melee: Unarmed           |     4 |       |       |       |       |       |       |       |       ||     4
         Dagger            |       |    16 |     7 |       |       |       |       |       |       ||    23
         Staff             |       |       |       |     8 |    11 |     5 |    23 |    20 |    48 ||   115
  Throw: Dart              |       |       |       |     2 |       |       |       |       |       ||     2
   Cast: Sandblast         |    62 |    75 |     2 |       |       |       |       |       |       ||   139
         Stone Arrow       |       |     8 |   129 |   253 |   356 |     2 |       |       |       ||   748
         Olgreb's Toxic Ra |       |       |       |    72 |    87 |    18 |       |       |       ||   177
         Bombard           |       |       |       |     3 |    85 |    79 |   159 |   196 |   170 ||   692
         Arcjolt           |       |       |       |       |    22 |    16 |       |       |       ||    38
         Mephitic Cloud    |       |       |       |       |     6 |     3 |       |       |       ||     9
         Plasma Beam       |       |       |       |       |    36 |   268 |   349 |   242 |   197 ||  1092
         Starburst         |       |       |       |       |    11 |     3 |       |       |       ||    14
         Fireball          |       |       |       |       |     8 |    96 |    19 |    85 |    11 ||   219
         Irradiate         |       |       |       |       |       |    24 |    17 |    25 |    29 ||    95
         Ignition          |       |       |       |       |       |    37 |    63 |    60 |    79 ||   239
         Blink             |       |       |       |       |       |     1 |     1 |       |       ||     2
         Maxwell's Capacit |       |       |       |       |       |     3 |    18 |    67 |    35 ||   123
         Chain Lightning   |       |       |       |       |       |       |       |    11 |    89 ||   100
         Fire Storm        |       |       |       |       |       |       |       |       |    39 ||    39
Ability: Hop               |       |     1 |     2 |     4 |     6 |     3 |     6 |     6 |     4 ||    32
  Evoke: Wand              |       |     2 |     6 |     8 |     1 |    21 |       |     2 |     4 ||    44
         Lightning rod     |       |       |       |       |       |     4 |       |       |       ||     4
         Phantom mirror    |       |       |       |       |       |       |     1 |       |       ||     1
         Condenser vane    |       |       |       |       |       |       |       |     1 |     1 ||     2
    Use: Potion            |       |     1 |     3 |       |       |     4 |       |       |     5 ||    13
         Scroll            |       |       |       |    13 |    15 |     6 |     5 |     5 |     6 ||    50
   Stab: Confused          |       |       |       |       |     1 |       |       |       |       ||     1
 Armour: Robe              |    15 |    35 |    16 |   110 |   135 |   186 |   153 |    94 |       ||   744
         Leather armour    |       |       |       |       |       |       |       |   117 |   221 ||   338
  Dodge: Dodged            |    11 |    59 |    20 |   141 |   168 |   232 |   123 |   186 |   194 ||  1134
  Block: Buckler           |       |       |       |    21 |    74 |   158 |   128 |   136 |   135 ||   652

Table legend: (Time is in decaauts)
 A = Elapsed time spent in this place.
 B = Non-inter-level travel time spent in this place.
 C = Inter-level travel time spent in this place.
 D = Time resting spent in this place.
 E = Time spent auto-exploring this place.
 F = Levels seen in this place.
 G = Mean time per level.
                   A        B        C        D        E       F      G
               +--------+--------+--------+--------+--------+-----+--------+
         Total |  79825 |  72941 |   6884 |   1517 |  58972 |  72 | 1108.7 |
       Dungeon |  21775 |  19253 |   2522 |    229 |  16662 |  15 | 1451.7 |
        Temple |     62 |      2 |     60 |      0 |      0 |   1 |   62.0 |
          Lair |   8480 |   7597 |    883 |    133 |   6453 |   5 | 1696.0 |
        Shoals |   6715 |   5967 |    748 |    187 |   4886 |   4 | 1678.8 |
   Spider Nest |   5711 |   5397 |    314 |    476 |   3986 |   4 | 1427.8 |
    Slime Pits |   1154 |   1043 |    111 |    135 |    404 |   5 |  230.8 |
  Orcish Mines |   2268 |   1863 |    405 |    115 |   1234 |   2 | 1134.0 |
   Elven Halls |   5187 |   4762 |    425 |    138 |   3662 |   3 | 1729.0 |
        Vaults |  11348 |  10613 |    735 |     33 |   8919 |   5 | 2269.6 |
         Crypt |   5241 |   5038 |    203 |      0 |   4104 |   3 | 1747.0 |
        Depths |   6942 |   6467 |    475 |     71 |   5253 |   4 | 1735.5 |
      Ziggurat |   2443 |   2443 |      0 |      0 |   1711 |  17 |  143.7 |
         Trove |     59 |     59 |      0 |      0 |      8 |   1 |   59.0 |
      Ice Cave |    944 |    944 |      0 |      0 |    738 |   1 |  944.0 |
       Volcano |    401 |    401 |      0 |      0 |    224 |   1 |  401.0 |
    Desolation |   1086 |   1086 |      0 |      0 |    723 |   1 | 1086.0 |
               +--------+--------+--------+--------+--------+-----+--------+

Top non-repeatable levels by time:
Vaults:4: 3459 daAuts
 Crypt:3: 2714 daAuts
Shoals:3: 2418 daAuts
Vaults:1: 2381 daAuts
  Lair:2: 2175 daAuts
Depths:2: 2161 daAuts
Vaults:2: 2103 daAuts
Vaults:3: 2102 daAuts
    D:15: 2093 daAuts
Shoals:1: 2055 daAuts
    D:14: 2003 daAuts
  Lair:5: 1904 daAuts
     D:5: 1899 daAuts
   Elf:3: 1858 daAuts
Spider:1: 1824 daAuts
